 Dungeon Crawl Stone Soup version 0.20.1-1-g8b1a95d (webtiles) character file.

35023 Mesmaeker13 the Grappler (level 13, -2/121 HPs)
             Began as a Troll Monk on Aug 13, 2017.
             Was a High Priest of Hepliaklqana.
             Slain by a four-headed hydra (9 damage)
             ... on level 5 of the Lair of Beasts.
             The game lasted 00:32:48 (15387 turns).

Mesmaeker13 the Grappler (Troll Monk)              Turns: 15387, Time: 00:32:48

Health: -2/121     AC:  6    Str: 30    XL:     13   Next: 45%
Magic:  0/19       EV: 17    Int:  6    God:    Hepliaklqana [*****.]
Gold:   562        SH:  0    Dex: 18    Spells: 12/12 levels left

rFire    . . .     SeeInvis .   j - +3 scimitar of Joyful Slaughter {flame, *Slow Str+2 Dex+5 Stlth+}
rCold    . . .     Gourm    +   (no shield)
rNeg     . . .     Faith    .   g - +1 robe of the Catamount {MR+ Str+3}
rPois    .         Spirit   +   S - +0 hat
rElec    .         Reflect  .   B - scarf {cloud immunity}
rCorr    +         Harm     .   (gloves unavailable)
MR       ++...                  (boots unavailable)
Stlth    +++.......             C - amulet of guardian spirit
Regen    0.7/turn               H - ring of resist corrosion
MPRegen  0.2/turn               K - ring of protection from magic

@: lethally poisoned (-2 -> -2)
A: unfitting armour, reduced essence, claws 3, fast metabolism 3, gourmand,
regeneration 1, shaggy fur 1, tough skin 2
a: Recall Ancestor, Ancestor Identity, Transference, Idealise, Renounce Religion


You were on level 5 of the Lair of Beasts.
You worshipped Hepliaklqana.
Hepliaklqana was extremely pleased with you.
You were completely stuffed.

You visited 3 branches of the dungeon, and saw 17 of its levels.

You collected 1057 gold pieces.
You spent 495 gold pieces at shops.

Inventory:

Hand Weapons
 j - the +3 scimitar of Joyful Slaughter (weapon) {flame, *Slow Str+2 Dex+5 Stlth+}
   (You bought it in a shop on level 9 of the Dungeon)

   It has been specially enchanted to burn those struck by it, causing extra
   injury to most foes and up to half again as much damage against particularly
   susceptible opponents.
   Big, fiery blades are also staple armaments of hydra-hunters.
   It affects your strength (+2).
   It affects your dexterity (+5).
   It may slow you when you take damage.
   It makes you more stealthy.
Missiles
 J - 3 throwing nets
 L - 5 javelins (quivered)
Armour
 g - the +1 robe of the Catamount (worn) {MR+ Str+3}
   (You found it on level 8 of the Dungeon)

   It affects your strength (+3).
   It affects your resistance to hostile enchantments.
 B - a scarf of cloud immunity (worn)
 I - a +0 shield
 S - a +0 hat (worn)
Jewellery
 C - an amulet of guardian spirit (around neck)
 H - a ring of resist corrosion (left claw)
 K - a ring of protection from magic (right claw)
Wands
 v - a wand of acid (1/15)
 G - a wand of confusion (22/48)
 N - a wand of digging (7/24)
 O - a wand of lightning (5/15)
Scrolls
 d - 8 scrolls of magic mapping
 f - 3 scrolls of enchant weapon
 i - 4 scrolls of immolation
 m - 4 scrolls of fog
 n - 7 scrolls of enchant armour
 o - 2 scrolls of teleportation
 q - a scroll of holy word
 s - 2 scrolls of recharging {unknown}
 y - 7 scrolls of remove curse
 A - a scroll of summoning
 M - 3 scrolls of blinking
Potions
 a - a potion of might
 e - 2 potions of berserk rage
 k - a potion of mutation {unknown}
 p - a potion of magic {unknown}
 r - 2 potions of agility
 x - 2 potions of cancellation {unknown}
 z - 4 potions of lignification {unknown}
 D - 2 potions of curing
 E - 2 potions of flight {unknown}
Comestibles
 b - 15 bread rations
 c - 9 chunks of flesh
 h - 7 royal jellies
 t - 5 fruits
 u - 6 meat rations


   Skills:
 + Level 10.4 Fighting
 + Level 10.4 Dodging
 - Level 1.0 Stealth
 + Level 0.7 Shields
 + Level 12.2 Unarmed Combat
 - Level 10.0 Invocations
 + Level 0.7 Evocations


You had 12 spell levels left.
You didn't know any spells.

Dungeon Overview and Level Annotations

Branches:
Dungeon (11/15)            Temple (1/1) D:4            Lair (5/6) D:10
 Shoals (0/4) Lair:4        Snake (0/4) Lair:3          Orc (0/2) D:9
  Slime: Lair:5-6

Altars:
Ashenzari
Cheibriados
Dithmenos
Elyvilon
Fedhas
Gozag
Hepliaklqana
Kikubaaqudgha
Makhleb
Nemelex Xobeh
Okawaru
Qazlal
Ru
Sif Muna
Trog
Uskayaw
Vehumet
Xom
Yredelemnul
Zin
The Shining One

Shops:
D:2 *   D:4 (   D:8 [   D:9 (


Innate Abilities, Weirdness & Mutations

You are too large for most types of armour.
You have claws for hands.
Your metabolism is lightning-fast.
You like to eat raw meat.
Your natural rate of healing is unusually fast.
You are covered in fur. (AC +1)
You have very tough skin. (AC +2)
Your life essence is reduced to manifest your ancestor. (-10% HP)


Message History

The five-headed hydra bites you but does no damage.
The five-headed hydra bites you.
* * * LOW HITPOINT WARNING * * *
You slice one of the five-headed hydra's heads off!
The flame cauterises the wound!
You slash the four-headed hydra! You burn the four-headed hydra.
The four-headed hydra is severely wounded.
You feel sick. The four-headed hydra bites you!
* * * LOW HITPOINT WARNING * * *
The four-headed hydra barely misses you.
The four-headed hydra bites you.
* * * LOW HITPOINT WARNING * * *
The four-headed hydra bites you but does no damage.
The four-headed hydra bites you.
* * * LOW HITPOINT WARNING * * *
The four-headed hydra bites you.
* * * LOW HITPOINT WARNING * * *
The four-headed hydra barely misses you.
The four-headed hydra bites you!
You die...

#.<.......................
#.........................
#.........................
#.................###.###.
#..........P.....##.....#
#........#P.PP..##...... #
#..#.#..###P....#.....##..
#.######.###P..#..#.......
### ### ##.@#..........
#.#D........#
#.#F....8.8.##
#.#..........#
#........<...#
###..........#
#..##.8.8.## ##.. .......
#.. .......


You could see a four-headed hydra and a spiny frog.

Vanquished Creatures
  2 hydras
  Harold (Lair:1)
  A two-headed ogre (D:11)
  Nergalle (Lair:1)
  Sonja (D:10)
  A necromancer (D:9)
  2 ugly things
  An elephant (Lair:4)
  A manticore (D:11)
  Maurice (D:8)
  A torpor snail (Lair:1)
  7 spiny frogs
  3 black mambas
  2 gargoyles (D:10)
  2 rime drakes
  5 komodo dragons
  5 blink frogs
  2 hippogriffs
  Grinder (D:3)
  6 dream sheep (Lair:5)
  3 wyverns (Lair:4)
  12 yaks
  A spriggan (D:11)
  3 basilisks
  Edmund (D:4)
  An acid dragon (D:11)
  A soldier ant (D:11)
  9 porcupines
  4 water moccasins
  2 ogres (D:7)
  A slave (D:5)
  4 orc warriors
  A phantom (D:7)
  2 sky beasts
  A wolf (D:10)
  8 crocodiles
  3 centaurs
  2 big kobolds
  A gnoll sergeant (D:10)
  14 bullfrogs
  A killer bee (D:10)
  3 scorpions
  7 howler monkeys
  3 crimson imps
  2 jellies
  2 quasits
  A centaur zombie (D:11)
  3 hounds
  5 orc priests
  A bullfrog skeleton (D:5)
  4 orc wizards
  Crazy Yiuf (D:3)
  3 iguanas
  2 polar bear simulacra (D:9)
  8 worker ants
  2 yak simulacra (D:9)
  A killer bee zombie (D:8)
  2 wolf simulacra (D:9)
  2 hound skeletons
  A worker ant zombie (D:5)
  Robin (D:3)
  7 adders
  9 gnolls
  A shadow imp (D:5)
  4 adder skeletons
  A worm (D:2)
  4 dart slugs
  9 leopard geckos
  24 orcs
  2 ball pythons
  4 bats
  5 giant cockroaches
  17 goblins
  7 hobgoblins
  14 jackals
  4 quokkas
  3 frilled lizards
  12 kobolds
  A leopard gecko zombie (D:8)
  A quokka zombie (D:5)
  9 rats
  2 river rat simulacra (D:9)
  2 plants
317 creatures vanquished.

Vanquished Creatures (collateral kills)
  Gastronok (Lair:3)
  2 hydras
  2 two-headed ogres (D:10)
  Urug (D:10)
  Pikel (D:5)
  A black mamba (Lair:1)
  4 spiny frogs
  2 komodo dragons (Lair:4)
  A troll (D:10)
  4 blink frogs
  A dream sheep (Lair:5)
  2 hippogriffs
  A yak (Lair:3)
  5 wyverns
  A basilisk (Lair:3)
  A steam dragon (D:8)
  A water moccasin (Lair:4)
  A porcupine (D:10)
  2 orc warriors (D:11)
  A necrophage (D:10)
  2 ogres
  A phantom (D:10)
  3 wolves (D:10)
  4 bullfrogs
  A gnoll sergeant (D:6)
  2 scorpions
  2 killer bees (D:10)
  An electric eel (D:7)
  A crimson imp (D:8)
  A quasit (D:9)
  2 orc priests
  A jelly (D:9)
  6 orc wizards
  An iguana (D:7)
  A worker ant (D:8)
  A yak simulacrum (D:9)
  A polar bear simulacrum (D:9)
  A wolf simulacrum (D:9)
  A hound zombie (D:6)
  A worker ant zombie (D:7)
  5 gnolls
  A leopard gecko (D:9)
  8 orcs
  A jackal (D:7)
  A giant cockroach zombie (D:6)
  A kobold (D:8)
86 creatures vanquished.

Vanquished Creatures (others)
  10 battlemagi
  A jackal (D:11)
  A bush (D:10)
  6 fungi
  9 plants
27 creatures vanquished.

Grand Total: 430 creatures vanquished

Notes
Turn   | Place    | Note
-------+----------+-------------------------------------------
     0 | D:1      | Mesmaeker13 the Troll Monk began the quest for the Orb.
     0 | D:1      | Reached XP level 1. HP: 22/22 MP: 0/0
   249 | D:1      | Reached XP level 2. HP: 29/29 MP: 1/1
   415 | D:1      | Reached XP level 3. HP: 36/36 MP: 2/2
   863 | D:2      | Found an opulent altar of Gozag.
   866 | D:2      | Found Gozag's Platinum Reserve.
  1021 | D:2      | Found a basalt altar of Yredelemnul.
  1022 | D:2      | Found a sacrificial altar of Ru.
  1033 | D:2      | Found a radiant altar of Vehumet.
  1360 | D:3      | Found a runed door.
  1651 | D:3      | Reached XP level 4. HP: 40/44 MP: 3/3
  1806 | D:3      | Noticed Robin
  1836 | D:3      | Reached skill level 4 in Unarmed Combat
  1842 | D:3      | Killed Robin
  2112 | D:3      | Noticed Grinder
  2117 | D:3      | Paralysed by Grinder for 2 turns
  2128 | D:3      | Killed Grinder
  2128 | D:3      | Reached XP level 5. HP: 23/53 MP: 4/4
  2128 | D:3      | Reached XP level 6. HP: 26/61 MP: 5/5
  2263 | D:3      | Noticed Crazy Yiuf
  2270 | D:3      | Killed Crazy Yiuf
  2430 | D:4      | Noticed Edmund
  2550 | D:4      | Killed Edmund
  2550 | D:4      | Reached skill level 5 in Unarmed Combat
  2562 | D:4      | Found Ulierer's Weapon Shop.
  2743 | D:4      | Found a staircase to the Ecumenical Temple.
  2784 | Temple   | Entered the Ecumenical Temple
  3219 | D:5      | Entered Level 5 of the Dungeon
  3228 | D:5      | Reached XP level 7. HP: 67/70 MP: 6/6
  3254 | D:5      | Found a hazy altar of Hepliaklqana.
  3279 | D:5      | Became a worshipper of Hepliaklqana the Forgotten
  3279 | D:5      | Reached * piety under Hepliaklqana
  3279 | D:5      | Reached ** piety under Hepliaklqana
  3375 | D:5      | Remembered your ancestor Bibi as a battlemage
  3524 | D:5      | Noticed Pikel
  3668 | D:6      | Reached skill level 5 in Dodging
  3668 | D:6      | Reached skill level 6 in Unarmed Combat
  3684 | D:6      | Found a sparkling altar of Nemelex Xobeh.
  3789 | D:6      | Reached skill level 1 in Invocations
  3822 | D:6      | Reached XP level 8. HP: 70/71 MP: 7/7
  4078 | D:6      | Found a bloodstained altar of Trog.
  4142 | D:6      | Reached skill level 5 in Fighting
  4500 | D:5      | Killed Pikel
  4500 | D:5      | Reached skill level 7 in Unarmed Combat
  4500 | D:5      | Reached XP level 9. HP: 72/80 MP: 7/10
  5590 | D:8      | Got a silken robe
  5601 | D:8      | Identified the +1 robe of the Catamount {MR+ Str+3} (You found it on level 8 of the Dungeon)
  5609 | D:8      | Noticed Maurice
  5640 | D:8      | Killed Maurice
  5934 | D:8      | Reached skill level 8 in Unarmed Combat
  6040 | D:8      | Reached *** piety under Hepliaklqana
  6421 | D:8      | Found Paqotsar's Armour Emporium.
  6660 | D:9      | Reached skill level 5 in Invocations
  6688 | D:9      | Reached XP level 10. HP: 85/90 MP: 12/12
  6824 | D:9      | Found Vavudar's Weapon Boutique.
  6824 | D:9      | Found a staircase to the Orcish Mines.
  7006 | D:9      | Got a transparent trident
  7007 | D:9      | Identified the cursed +0 trident of Mayhem {drain, rF- rC++ Str+8} (You found it on level 9 of the Dungeon)
  7081 | D:9      | Noticed a necromancer
  7088 | D:9      | Killed a necromancer
  7538 | D:10     | Entered Level 10 of the Dungeon
  7654 | D:10     | Reached **** piety under Hepliaklqana
  7839 | D:10     | Noticed a gargoyle
  7846 | D:10     | Killed a gargoyle
  7910 | D:10     | Noticed a two-headed ogre
  7918 | D:10     | Killed a two-headed ogre
  7918 | D:10     | Reached skill level 9 in Unarmed Combat
  8216 | D:10     | Noticed Sonja
  8510 | D:10     | Reached XP level 11. HP: 92/98 MP: 12/14
  8516 | D:10     | Killed Sonja
  8533 | D:10     | Found a staircase to the Lair.
  8710 | D:11     | Noticed a brown ugly thing
  8729 | D:10     | Killed a brown ugly thing
  8855 | D:11     | Noticed Urug
  8934 | D:10     | Killed Urug
  8980 | D:11     | Noticed a two-headed ogre
  9053 | D:10     | Killed a two-headed ogre
  9280 | D:10     | Reached skill level 10 in Unarmed Combat
  9633 | D:11     | Got an ichor-stained hand axe
  9685 | D:11     | Noticed a brown ugly thing
  9692 | D:11     | Killed a brown ugly thing
  9707 | D:11     | Noticed a two-headed ogre
  9717 | D:11     | Killed a two-headed ogre
  9977 | D:11     | Identified the +10 hand axe of Hutuanue {pain, -Tele Str+4 Dex+2 Stlth-} (You found it on level 11 of the Dungeon)
 10041 | Lair:1   | Entered Level 1 of the Lair of Beasts
 10067 | D:9      | Bought the cursed +3 scimitar of Joyful Slaughter {flame, *Slow Str+2 Dex+5 Stlth+} for 495 gold pieces
 10137 | Lair:1   | Noticed a four-headed hydra
 10142 | Lair:1   | Killed a two-headed hydra
 10529 | Lair:1   | Noticed Nergalle
 10533 | Lair:1   | Noticed Harold
 10537 | Lair:1   | Killed Nergalle
 10537 | Lair:1   | Reached XP level 12. HP: 90/109 MP: 13/17
 10587 | Lair:1   | Killed Harold
 11441 | Lair:2   | Reached skill level 11 in Unarmed Combat
 11603 | Lair:2   | Reached ***** piety under Hepliaklqana
 11635 | Lair:2   | Noticed a seven-headed hydra
 11641 | Lair:2   | Killed a seven-headed hydra
 12781 | Lair:3   | Noticed Gastronok
 12796 | Lair:3   | Killed Gastronok
 13040 | Lair:3   | Found a staircase to the Snake Pit.
 13502 | Lair:4   | Reached skill level 10 in Fighting
 13502 | Lair:4   | Reached skill level 10 in Dodging
 13691 | Lair:4   | Found a staircase to the Shoals.
 13700 | Lair:4   | Reached XP level 13. HP: 107/118 MP: 16/19
 14026 | Lair:4   | HP: 4/119 [six-headed hydra (3)]
 14696 | Lair:4   | Got a steaming long sword
 14698 | Lair:4   | Identified the +6 long sword of the Dragonfly {protect, -Tele Dex+7} (You found it on level 4 of the Lair of Beasts)
 14766 | Lair:4   | Reached skill level 12 in Unarmed Combat
 15253 | Lair:5   | Reached skill level 10 in Invocations
 15387 | Lair:5   | Slain by a four-headed hydra

Skill      XL: |  1  2  3  4  5  6  7  8  9 10 11 12 13 |
---------------+----------------------------------------+-----
Dodging        | 3 4 5 6 8 9 10 | 10.4
Fighting       | 3 4 5 6 7 9 10 | 10.4
Unarmed Combat | 4 5 6 7 8 9 10 11 12 | 12.2
Invocations    | 1 3 5 6 8 9 10 | 10.0
Stealth        | |  1.0
Shields        | |  0.7
Evocations     | |  0.7

Action                   |  1- 3 |  4- 6 |  7- 9 | 10-12 | 13-15 || total
-------------------------+-------+-------+-------+-------+-------++-------
Melee: Unarmed           |   116 |   108 |   283 |   438 |    99 ||  1044
       Punch             |     1 |     1 |     7 |    31 |    10 ||    50
       Scimitar          |       |       |       |     6 |     9 ||    15
Invok: Ancestor Life: Ba |       |       |     1 |       |       ||     1
       Ancestor Identity |       |       |     1 |       |       ||     1
       Transference      |       |       |       |     2 |       ||     2
       Recall Ancestor   |       |       |       |     1 |       ||     1
       Idealise          |       |       |       |     1 |       ||     1
Evoke: Wand              |       |     4 |     5 |    10 |       ||    19
  Use: Scroll            |     4 |     1 |     4 |    12 |     2 ||    23
       Potion            |       |     6 |       |     1 |     2 ||     9
 Stab: Sleeping          |     4 |       |       |     4 |       ||     8
       Confused          |       |     1 |       |       |       ||     1
       Distracted        |       |       |     2 |     8 |     3 ||    13
       Paralysed         |       |       |       |     1 |       ||     1
  Eat: Chunk             |    21 |    11 |    35 |    64 |    15 ||   146
Armor: Robe              |    35 |    29 |    80 |    75 |    17 ||   236
Dodge: Dodged            |    36 |    45 |   181 |   249 |    79 ||   590
       Rpst.: Scimitar   |       |       |       |     1 |     3 ||     4
